 Dungeon Crawl Stone Soup version 0.14-a0-2327-g5ff15cf (webtiles) character file.

38 Econoterrorist the Sneak (level 1, 0/9 HPs)
             Began as a Spriggan Enchanter on Jan 29, 2014.
             Slain by a kobold
             ... wielding a +0,+0 short sword
              (5 damage)
             ... on Level 1 of the Dungeon.
             The game lasted 00:01:04 (162 turns).

Econoterrorist the Sneak (Spriggan Enchanter)        Turns: 162, Time: 00:01:04

HP   0/9         AC  3     Str  4      XL: 1   Next: 50%
MP   3/4         EV 18     Int 16      God:
Gold 34          SH  0     Dex 16      Spells:  1 memorised,  4 levels left

rFire  . . .     SeeInvis +     a - +1 dagger
rCold  . . .     Clarity  .     b - +1 robe
rNeg   . . .     Conserve .     (shield restricted)
rPois  .         rCorr    .     (helmet restricted)
rElec  .         rRot     .     (no cloak)
SustAb . .       Spirit   .     (gloves unavailable)
rMut   .         Warding  .     (boots unavailable)
Saprov . . .     Stasis   .     (no amulet)
MR     .....                    (no ring)
                                k - -5,-2 ring of slaying {unknown}

@: very quick, not resistant to hostile enchantments, stealthy
A: unfitting armour, see invisible, herbivore 3, speed 3, slow metabolism 2
a: no special abilities


You were on level 1 of the Dungeon.
You were not hungry.

You visited 1 branch of the dungeon, and saw 1 of its levels.

You collected 34 gold pieces.

Inventory:

Hand weapons
 a - a +1,+1 dagger (weapon)
Missiles
 d - 12 darts (quivered)
Armour
 b - a +1 robe (worn)
Comestibles
 i - an orange
 j - a bread ration
Scrolls
 f - a scroll of random uselessness {unknown}
Jewellery
 k - a -5,-2 ring of slaying (left hand) {unknown}
Potions
 e - a potion of porridge
 g - 2 potions of degeneration {unknown}
 h - a potion of curing {unknown}
Books
 c - a book of Maledictions

   Spells                             Type                      Level
   *Corona                            Hexes                        1
   Sure Blade                         Hexes/Charms                 2
   Ensorcelled Hibernation            Hexes/Ice                    2
   Confuse                            Hexes                        3
   Enslavement                        Hexes                        4
   Invisibility                       Hexes                        6


   Skills:
 - Level 1.1 Short Blades
 - Level 1.1 Throwing
 - Level 3.0 Dodging
 + Level 3.7 Stealth
 - Level 2.6 Spellcasting
 - Level 3.6 Hexes


You had 4 spell levels left.
You knew the following spells:

 Your Spells              Type           Power        Failure   Level  Hunger
a - Corona                Hex            ##.....      6%          1    #......


Dungeon Overview and Level Annotations

Branches:
Dungeon (1/16)

Altars:


Innate Abilities, Weirdness & Mutations

You are tiny and cannot use many weapons and most armour.
You have supernaturally acute eyesight.
You are a herbivore.
You cover ground extremely quickly.
You need consume almost no food.


Message History

You hit the kobold but do no damage. The kobold completely misses you.
You barely miss the kobold. The kobold misses you.
You hit the kobold but do no damage. You barely miss the kobold.
The kobold misses you.
You completely miss the kobold. The kobold hits you with a short sword.
You hit the kobold but do no damage. The kobold closely misses you.
You hit the kobold but do no damage. The kobold closely misses you.
You barely miss the kobold. The kobold hits you but does no damage.
You barely miss the kobold. The kobold barely misses you.
Casting: Corona
Confirm with . or Enter, or press ? or * to list all spells.
Aiming: Corona
Press: ? - help, Shift-Dir - straight line, f - kobold
Aim: a kobold, wielding a short sword The kobold is outlined in light.
The kobold closely misses you.
You hit the kobold.
The kobold is heavily wounded.
The kobold hits you with a short sword.
Ouch! That really hurt!
You die...

...# #.# #...####.# ##
. #..... #.# .
#.###..... #.# .
#.?......( #.#
#.....$..# #.# ###.
.....>..####.####...###
#..K.##...#.........
#..@................
#...###...#...#.....
##### ###.######....
#.# #...## #.#####...##
..######.##........
#..................
########.##...)..).
...................


You could see a kobold.

Vanquished Creatures
  2 bats (D:1)
  A giant newt (D:1)
  A goblin (D:1)
4 creatures vanquished.

Notes
Turn   | Place    | Note
--------------------------------------------------------------
     0 | D:1      | Econoterrorist, the Spriggan Enchanter, began the quest for the Orb.
     0 | D:1      | Reached XP level 1. HP: 9/9 MP: 4/4
   162 | D:1      | Slain by a kobold

Action                   || total
-------------------------++-------
Melee: Dagger            ||    25
 Cast: Corona            ||     1
  Use: Scroll            ||     2
 Stab: Sleeping          ||     1
